 Dungeon Crawl Stone Soup version 0.21-a0-78-g82a99e0 (webtiles) character file.

65 HAL9000 the Sneak (level 4, 0/34 HPs)
             Began as a Vine Stalker Assassin on June 20, 2017.
             Succumbed to an adder's poison
             ... on level 2 of the Dungeon on June 21, 2017.
             The game lasted 00:05:15 (1803 turns).

HAL9000 the Sneak (Vine Stalker Assassin)           Turns: 1803, Time: 00:05:16

Health: 0/34       AC:  4    Str: 19    XL:     4   Next: 13%
Magic:  0/5        EV: 17    Int: 11    God:
Gold:   85         SH:  0    Dex: 21    Spells: 3/3 levels left

rFire    + . .     SeeInvis .   a - +2 dagger
rCold    + . .     Gourm    .   (no shield)
rNeg     . . .     Faith    .   c - +0 robe
rPois    .         Spirit   +   l - +2 hat
rElec    .         Reflect  .   x - scarf {rC+ rF+}
rCorr    .         Harm     .   (no gloves)
MR       .....                  (no boots)
Stlth    ..........             (no amulet)
HPRegen  0.51/turn              v - ring of wizardry
MPRegen  0.09/turn              (no ring)

@: agile, berserking (expiring), lethally poisoned (0 -> 0), very quick
A: fangs 2, regeneration 1, magic shield, antimagic bite, no potion heal 3, rot
immunity
a: no special abilities


You were on level 2 of the Dungeon.
You were not hungry.

You visited 1 branch of the dungeon, and saw 2 of its levels.

You collected 85 gold pieces.

Inventory:

Hand Weapons
 a - a +2 dagger (weapon)
 b - a +0 blowgun
Missiles
 e - 8 poisoned needles
 f - 2 curare-tipped needles
Armour
 c - a +0 robe (worn)
 l - a +2 hat (worn)
 q - a +0 shield
 x - a scarf of resistance (worn)
Jewellery
 v - a ring of wizardry (left hand)
Scrolls
 n - 2 scrolls of identify {unknown}
 o - a scroll of teleportation {unknown}
 p - 2 scrolls of enchant armour {unknown}
Potions
 k - 2 potions of agility
 m - a potion of heal wounds {unknown}
 t - 3 potions of curing {unknown}
 u - a potion of cancellation {unknown}
 w - a potion of might {unknown}
Comestibles
 g - 3 bread rations
 r - 3 fruits
 s - a royal jelly


   Skills:
 - Level 1.7 Fighting
 + Level 3.9 Short Blades
 - Level 1.7 Throwing
 - Level 0.7 Dodging
 - Level 4.8 Stealth


You had 3 spell levels left.
You didn't know any spells.

Dungeon Overview and Level Annotations

Branches:
Dungeon (2/15)

Altars:
Elyvilon
Vehumet


Innate Abilities, Weirdness & Mutations

You have extremely sharp teeth.
Your natural rate of healing is unusually fast.
When hurt, damage is shared between your health and your magic reserves.
Your bite disrupts and absorbs the magic of your enemies.
Potions cannot restore your health.
You are immune to rotting.


Message History

You begin to heal more quickly.
You are too berserk!
There is a lethal amount of poison in your body!
There is a lethal amount of poison in your body!
* * * LOW HITPOINT WARNING * * *
You feel sick.
You feel a strong urge to attack something.
Unknown command.
You are too berserk!
What are your orders? t - Shout!
Anything else - Cancel.
You are too berserk!
You are too berserk!
You are too berserk!
You are too berserk!
You are too berserk!
You are too berserk!
There is a lethal amount of poison in your body!
There is a lethal amount of poison in your body!
You die...

.....# ..#
#.#...♣._.♣. ####.#
.# ..
#.###.#.....r... .#
#.# . .. #
#.##....#≈..♣..≈
.###.# #.#.
#.##.#.....#≈≈...≈≈
.....# .#.
#..........###...##
.##### ..
####.###.####......
.#### #. #.# #.#
####### ....#
#.#.#####.# #.#
###.# #......@..#
#+# #.# ###.#######
###<# #. ...†# #.
#.####### ..
......... #.
#.#####.# ## #.#
...


There were no monsters in sight!

Vanquished Creatures
  2 adders (D:2)
  2 worms (D:2)
  2 dart slugs (D:1)
  2 leopard geckos (D:1)
  2 bats (D:2)
  3 giant cockroaches
  5 goblins
  2 hobgoblins
  4 jackals (D:1)
  4 kobolds
  5 rats
33 creatures vanquished.

Vanquished Creatures (others)
  A bat (D:2)
  A goblin (D:2)
2 creatures vanquished.

Grand Total: 35 creatures vanquished

Notes
Turn   | Place    | Note
-------+----------+-------------------------------------------
     0 | D:1      | HAL9000 the Vine Stalker Assassin began the quest for the Orb.
     0 | D:1      | Reached XP level 1. HP: 11/11 MP: 2/2
   241 | D:1      | Reached XP level 2. HP: 11/15 MP: 1/3
   849 | D:1      | Reached XP level 3. HP: 18/18 MP: 4/4
  1041 | D:2      | Upgraded the game from 0.21-a0-72-gbbb65ab to 0.21-a0-78-g82a99e0
  1747 | D:2      | Found a white marble altar of Elyvilon.
  1751 | D:2      | Found a radiant altar of Vehumet.
  1800 | D:2      | Gained mutation: Your natural rate of healing is unusually fast. [Vine Stalker growth]
  1800 | D:2      | Reached XP level 4. HP: 1/23 MP: 0/5
  1801 | D:2      | HP: 1/34 [poisoned by an adder]
  1803 | D:2      | Succumbed to an adder's poison

Vault maps used:
D:1:      lightli_arrival_statue_moat
D:2:      elyvilon_altar_4, fiery_altar_vehumet, minmay_statues_item

Skill      XL: |  1  2 |
---------------+-------+-----
Short Blades   | 2 3 |  3.9
Fighting       | |  1.7
Throwing       | |  1.7
Dodging        | |  0.7
Stealth        | |  4.8

Action                   |  1- 3 |  4- 6 || total
-------------------------+-------+-------++-------
Melee: Dagger            |    89 |       ||    89
       Bite              |    14 |       ||    14
 Fire: Blowgun           |     5 |       ||     5
  Use: Potion            |     3 |       ||     3
 Stab: Sleeping          |     8 |       ||     8
  Eat: Chunk             |     3 |       ||     3
Armor: Robe              |    19 |       ||    19
Dodge: Dodged            |    55 |       ||    55
